WIN
MILWAUKEE (WIN) BREWERS @ LOS ANGELES (WIN) ANGELS
11/27/2046
 
TOP OF THE 1ST
Milwaukee (WIN) Brewers batting - Pitching for Los Angeles (WIN) Angels : RHP Allen Weaver
Pitching: RHP Allen Weaver
Batting: LHB Alfredo de la Cruz 0-0: Ball
1-0: Foul Ball, location: 2F
1-1: Foul Ball, location: 2F
1-2: Foul Ball, location: 2F
1-2: Foul Ball, location: 2F
1-2: Foul Ball, location: 2F
1-2: Ball
2-2: Fly out, F8 (Flyball, 8LM, EV 91.9 MPH)
Batting: LHB Gabe Harvey 0-0: Called Strike
0-1: Called Strike
0-2: Ball
1-2: Foul Ball, location: 2F
1-2: Foul Ball, location: 2F
1-2: Strikes out swinging
Batting: RHB Adrian Rudkilde 0-0: Swinging Strike
0-1: Called Strike
0-2: Foul Ball, location: 2F
0-2: Ball
1-2: Strikes out swinging
Top of the 1st over - 0 runs, 0 hits, 0 errors, 0 left on base; Milwaukee (WIN) 0 - Los Angeles (WIN) 0
BOTTOM OF THE 1ST
Los Angeles (WIN) Angels batting - Pitching for Milwaukee (WIN) Brewers : RHP Cody Autry
Pitching: RHP Cody Autry
Batting: LHB Rusty Ney 0-0: Swinging Strike
0-1: Ball
1-1: Ball
2-1: SINGLE (Flyball, 56D, EV 93.8 MPH)
Batting: LHB Justin Alexander 0-0: Ball
1-0: SINGLE (Groundball, 6S, EV 70.0 MPH) (infield hit)
Rusty Ney to second
Batting: RHB Bjoern Waltersson 0-0: Called Strike
0-1: Foul Ball, location: 2F
0-2: Strikes out looking
Batting: RHB Mike Alm 0-0: Ball
Rusty Ney steals 3rd base
Justin Alexander to second
1-0: Ball
2-0: Foul Ball, location: 2F
2-1: Swinging Strike
2-2: Strikes out looking
Batting: LHB Griffin Ferris 0-0: Ball
1-0: Ball
2-0: Ball
3-0: Base on Balls
Batting: RHB Luis Romero 0-0: Ball
1-0: Ball
2-0: Called Strike
2-1: Foul Ball, location: 2F
2-2: Ball
3-2: Foul Ball, location: 2F
3-2: Ground out U3 (Groundball, 34, EV 108.1 MPH)
Bottom of the 1st over - 0 runs, 2 hits, 0 errors, 3 left on base; Milwaukee (WIN) 0 - Los Angeles (WIN) 0
TOP OF THE 2ND
Milwaukee (WIN) Brewers batting - Pitching for Los Angeles (WIN) Angels : RHP Allen Weaver
Batting: SHB Jamel Wright 0-0: Foul Ball, location: 2F
0-1: Ball
1-1: Swinging Strike
1-2: Ball
2-2: Strikes out swinging
Batting: LHB Adam Hill 0-0: Ball
1-0: Fly out, F8 (Line Drive, 8RM, EV 105.6 MPH)
Batting: RHB Eddie McCoy 0-0: Called Strike
0-1: Swinging Strike
0-2: Ball
1-2: Ball
2-2: Foul Ball, location: 2F
2-2: Strikes out looking
Top of the 2nd over - 0 runs, 0 hits, 0 errors, 0 left on base; Milwaukee (WIN) 0 - Los Angeles (WIN) 0
BOTTOM OF THE 2ND
Los Angeles (WIN) Angels batting - Pitching for Milwaukee (WIN) Brewers : RHP Cody Autry
Batting: LHB James McCauley 0-0: Foul Ball, location: 2F
0-1: Called Strike
0-2: Strikes out swinging
Pitching: RHP Johnathan Starr
Batting: RHB Ryan Pelletier 0-0: Called Strike
0-1: Foul Ball, location: 2F
0-2: Ball
1-2: Foul Ball, location: 2F
1-2: SINGLE (Line Drive, 89S, EV 105.0 MPH)
Batting: RHB Jose Ramirez 0-0: Ball
1-0: Swinging Strike
1-1: Called Strike
1-2: Strikes out swinging
Batting: LHB Rusty Ney 0-0: Fly out, F7 (Flyball, 7, EV 90.0 MPH)
Bottom of the 2nd over - 0 runs, 1 hit, 0 errors, 1 left on base; Milwaukee (WIN) 0 - Los Angeles (WIN) 0
TOP OF THE 3RD
Milwaukee (WIN) Brewers batting - Pitching for Los Angeles (WIN) Angels : RHP Allen Weaver
Batting: SHB Mike Williams 0-0: Ball
1-0: Fly out, F9 (Line Drive, 89M, EV 95.6 MPH)
Batting: RHB Mike Ball 0-0: Swinging Strike
0-1: Ball
1-1: Foul Ball, location: 2F
1-2: Strikes out swinging
Batting: RHB Ben Taylor 0-0: Foul Ball, location: 2F
0-1: Ball
1-1: Called Strike
1-2: Ball
2-2: Foul Ball, location: 2F
2-2: Ball
3-2: Strikes out swinging
Top of the 3rd over - 0 runs, 0 hits, 0 errors, 0 left on base; Milwaukee (WIN) 0 - Los Angeles (WIN) 0
BOTTOM OF THE 3RD
Los Angeles (WIN) Angels batting - Pitching for Milwaukee (WIN) Brewers : RHP Johnathan Starr
Batting: LHB Justin Alexander 0-0: Ball
1-0: Ball
2-0: Ball
3-0: Foul Ball, location: 2F
3-1: Called Strike
3-2: Foul Ball, location: 2F
3-2: Strikes out swinging
Batting: RHB Bjoern Waltersson 0-0: Called Strike
0-1: Called Strike
0-2: Ball
1-2: Strikes out swinging
Batting: RHB Mike Alm 0-0: Ball
1-0: Foul Ball, location: 2F
1-1: Ball
2-1: Foul Ball, location: 2F
2-2: Foul Ball, location: 2F
2-2: Ball
3-2: Strikes out swinging
Bottom of the 3rd over - 0 runs, 0 hits, 0 errors, 0 left on base; Milwaukee (WIN) 0 - Los Angeles (WIN) 0
TOP OF THE 4TH
Milwaukee (WIN) Brewers batting - Pitching for Los Angeles (WIN) Angels : RHP Allen Weaver
Batting: LHB Alfredo de la Cruz 0-0: Ball
1-0: Ball
2-0: Ball
3-0: Called Strike
3-1: Swinging Strike
3-2: Strikes out swinging
Batting: LHB Gabe Harvey 0-0: Ball
1-0: Ball
2-0: Swinging Strike
2-1: Swinging Strike
2-2: Ball
3-2: Strikes out swinging
Batting: RHB Adrian Rudkilde 0-0: Ball
1-0: Fly out, F8 (Flyball, 8RM, EV 95.0 MPH)
Top of the 4th over - 0 runs, 0 hits, 0 errors, 0 left on base; Milwaukee (WIN) 0 - Los Angeles (WIN) 0
BOTTOM OF THE 4TH
Los Angeles (WIN) Angels batting - Pitching for Milwaukee (WIN) Brewers : RHP Johnathan Starr
Batting: LHB Griffin Ferris 0-0: Ball
1-0: Ball
2-0: Foul Ball, location: 2F
2-1: Ball
3-1: Base on Balls
Batting: RHB Luis Romero 0-0: Ball
1-0: Called Strike
1-1: Foul Ball, location: 2F
1-2: Foul Ball, location: 2F
1-2: Ball
2-2: Ball
3-2: Base on Balls
Griffin Ferris to second
Batting: LHB James McCauley 0-0: Ball
1-0: Fly out, F8 (Line Drive, 8RD, EV 89.4 MPH)
Batting: RHB Ryan Pelletier 0-0: SINGLE (Line Drive, 8RS, EV 108.1 MPH)
Griffin Ferris to third
Luis Romero to second
Batting: RHB Jose Ramirez 0-0: Called Strike
0-1: Foul Ball, location: 2F
0-2: Ball
1-2: Strikes out swinging
Batting: LHB Rusty Ney 0-0: Fly out, F8 (Flyball, 89D, EV 92.5 MPH)
Bottom of the 4th over - 0 runs, 1 hit, 0 errors, 3 left on base; Milwaukee (WIN) 0 - Los Angeles (WIN) 0
TOP OF THE 5TH
Milwaukee (WIN) Brewers batting - Pitching for Los Angeles (WIN) Angels : RHP Allen Weaver
Batting: SHB Jamel Wright 0-0: Ball
1-0: Called Strike
1-1: Swinging Strike
1-2: Strikes out swinging
Batting: LHB Adam Hill 0-0: Foul Ball, location: 2F
0-1: SINGLE (Line Drive, 8RS, EV 107.5 MPH)
Batting: RHB Eddie McCoy 0-0: Swinging Strike
0-1: Foul Ball, location: 2F
0-2: Ball
1-2: Ball
Wild Pitch!
Adam Hill to second
2-2: Strikes out swinging
Batting: SHB Mike Williams 0-0: Foul Ball, location: 2F
0-1: Ball
1-1: Ball
2-1: Ball
3-1: Base on Balls
Pitching: LHP Paul Griffin
Batting: RHB Mike Ball 0-0: Called Strike
0-1: Ball
1-1: Swinging Strike
1-2: Fielders Choice at 2nd, 6-4 (Groundball, 6, EV 84.4 MPH)
Top of the 5th over - 0 runs, 1 hit, 0 errors, 2 left on base; Milwaukee (WIN) 0 - Los Angeles (WIN) 0
BOTTOM OF THE 5TH
Los Angeles (WIN) Angels batting - Pitching for Milwaukee (WIN) Brewers : RHP Johnathan Starr
Batting: LHB Justin Alexander 0-0: Called Strike
0-1: Swinging Strike
0-2: SINGLE (Line Drive, 34D, EV 103.8 MPH)
Batting: RHB Bjoern Waltersson 0-0: Ball
Wild Pitch!
Justin Alexander to second
1-0: Foul Ball, location: 2F
1-1: Swinging Strike
1-2: Ground out 6-3 (Groundball, 6, EV 80.0 MPH)
Justin Alexander to third
Batting: RHB Mike Alm 0-0: SINGLE (Line Drive, 9S, EV 99.4 MPH)
Justin Alexander scores
Batting: LHB Griffin Ferris 0-0: Grounds into double play, 6-4-3 (Groundball, 6, EV 81.2 MPH)
Bottom of the 5th over - 1 run, 2 hits, 0 errors, 0 left on base; Milwaukee (WIN) 0 - Los Angeles (WIN) 1
TOP OF THE 6TH
Milwaukee (WIN) Brewers batting - Pitching for Los Angeles (WIN) Angels : LHP Paul Griffin
Batting: RHB Ben Taylor 0-0: Called Strike
0-1: Ball
1-1: Ball
2-1: Ball
3-1: SINGLE (Groundball, 5, EV 94.4 MPH)
Batting: LHB Alfredo de la Cruz 0-0: Swinging Strike
0-1: Foul Ball, location: 2F
0-2: Ball
1-2: Ball
2-2: Foul Ball, location: 2F
2-2: Strikes out swinging
Batting: LHB Gabe Harvey 0-0: Called Strike
0-1: Called Strike
0-2: Grounds into double play, 3-6-1 (Groundball, 34S, EV 80.0 MPH)
Top of the 6th over - 0 runs, 1 hit, 0 errors, 0 left on base; Milwaukee (WIN) 0 - Los Angeles (WIN) 1
BOTTOM OF THE 6TH
Los Angeles (WIN) Angels batting - Pitching for Milwaukee (WIN) Brewers : RHP Johnathan Starr
Batting: RHB Luis Romero 0-0: Ball
1-0: SINGLE (Flyball, 3D, EV 89.4 MPH)
Batting: LHB James McCauley 0-0: Hit by Pitch
Luis Romero to second
Batting: RHB Ryan Pelletier 0-0: Ball
1-0: Foul Ball, location: 2F
1-1: Swinging Strike
1-2: Ground out 5-3 (Groundball, 5S, EV 73.8 MPH)
Luis Romero to third
James McCauley to second
Batting: RHB Jose Ramirez 0-0: Called Strike
0-1: Ball
1-1: SINGLE (Groundball, 4, EV 97.5 MPH) (infield hit)
Luis Romero scores
James McCauley to third
Pitching: RHP Alberto Pickett
Batting: LHB Rusty Ney 0-0: Foul Ball, location: 2F
0-1: Swinging Strike
0-2: Foul Ball, location: 2F
0-2: Ball
1-2: Strikes out looking
Jose Ramirez is caught stealing 2nd base 2-6
Batter strikes out.
Bottom of the 6th over - 1 run, 2 hits, 0 errors, 1 left on base; Milwaukee (WIN) 0 - Los Angeles (WIN) 2
TOP OF THE 7TH
Milwaukee (WIN) Brewers batting - Pitching for Los Angeles (WIN) Angels : LHP Paul Griffin
Batting: RHB Adrian Rudkilde 0-0: Foul Ball, location: 2F
0-1: Ball
1-1: Ball
2-1: Foul Ball, location: 2F
2-2: Ball
3-2: Base on Balls
Batting: SHB Jamel Wright 0-0: Called Strike
0-1: Swinging Strike
0-2: SINGLE (Line Drive, 7S, EV 111.2 MPH)
Adrian Rudkilde to second
Pinch Hitting: RHB Nick Cummings 0-0: Called Strike
0-1: Ball
1-1: Ball
2-1: Ball
3-1: Foul Ball, location: 2F
3-2: Foul Ball, location: 2F
3-2: Foul Ball, location: 2F
3-2: Foul Ball, location: 2F
3-2: Foul Ball, location: 2F
3-2: SINGLE (Line Drive, 34D, EV 93.8 MPH)
Adrian Rudkilde to third
Jamel Wright to second
Batting: RHB Eddie McCoy 0-0: Foul Ball, location: 2F
0-1: Swinging Strike
0-2: Grounds into fielders choice 6-2 (Groundball, 6MS, EV 85.0 MPH)
Jamel Wright to third
Nick Cummings to second
Batting: SHB Mike Williams 0-0: Ball
1-0: Ball
2-0: Fly out, F9 (Flyball, 9, EV 74.4 MPH)
Runner from 3rd tags up, SCORES, throw by RF
Nick Cummings to third
Batting: RHB Mike Ball 0-0: Ball
1-0: Ball
2-0: Called Strike
2-1: Ball
3-1: Base on Balls
Eddie McCoy to second
Pitching: RHP Austin Maki
Batting: RHB Ben Taylor 0-0: Called Strike
0-1: Ball
1-1: Fly out, F8 (Flyball, 8LM, EV 77.5 MPH)
Top of the 7th over - 1 run, 2 hits, 0 errors, 3 left on base; Milwaukee (WIN) 1 - Los Angeles (WIN) 2
BOTTOM OF THE 7TH
Los Angeles (WIN) Angels batting - Pitching for Milwaukee (WIN) Brewers : RHP Alberto Pickett
Now at SS: Nick Cummings
Batting: LHB Justin Alexander 0-0: Fly out, F7 (Flyball, 7LS, EV 88.1 MPH)
Batting: RHB Bjoern Waltersson 0-0: Foul Ball, location: 2F
0-1: Ball
1-1: Ball
2-1: Foul Ball, location: 2F
2-2: Strikes out swinging
Batting: RHB Mike Alm 0-0: Called Strike
0-1: Foul Ball, location: 2F
0-2: Ground out 4-3 (Groundball, 4M, EV 79.4 MPH)
Bottom of the 7th over - 0 runs, 0 hits, 0 errors, 0 left on base; Milwaukee (WIN) 1 - Los Angeles (WIN) 2
TOP OF THE 8TH
Milwaukee (WIN) Brewers batting - Pitching for Los Angeles (WIN) Angels : RHP Austin Maki
Batting: LHB Alfredo de la Cruz 0-0: Ball
1-0: Called Strike
1-1: Foul Ball, location: 2F
1-2: Ball
2-2: Strikes out swinging
Batting: LHB Gabe Harvey 0-0: SINGLE (Groundball, 6D, EV 110.6 MPH)
Batting: RHB Adrian Rudkilde 0-0: Foul Ball, location: 2F
0-1: Ball
1-1: Fly out, F9 (Flyball, 9S, EV 75.0 MPH)
Batting: SHB Jamel Wright 0-0: Ball
1-0: Swinging Strike
1-1: Foul Ball, location: 2F
1-2: Strikes out swinging
Top of the 8th over - 0 runs, 1 hit, 0 errors, 1 left on base; Milwaukee (WIN) 1 - Los Angeles (WIN) 2
BOTTOM OF THE 8TH
Los Angeles (WIN) Angels batting - Pitching for Milwaukee (WIN) Brewers : RHP Alberto Pickett
Batting: LHB Griffin Ferris 0-0: Foul Ball, location: 2F
0-1: Foul Ball, location: 2F
0-2: Ball
1-2: DOUBLE (Line Drive, 8LXD, EV 100.6 MPH)
Batting: RHB Luis Romero 0-0: Ball
1-0: Called Strike
1-1: Foul Ball, location: 2F
1-2: Ball
2-2: Foul Ball, location: 2F
2-2: Ball
3-2: Foul Ball, location: 2F
3-2: Foul Ball, location: 2F
3-2: Fly out, F7 (Flyball, 78D, EV 88.1 MPH)
Batting: LHB James McCauley 0-0: Intentional Walk
Pinch Runner at 2nd Gary Horgan:
Batting: RHB Ryan Pelletier 0-0: Ball
1-0: Ball
2-0: Ground out U3 (Groundball, 34, EV 104.4 MPH)
Gary Horgan to third
James McCauley to second
Batting: RHB Jose Ramirez 0-0: Ball
1-0: Ball
2-0: 3-RUN HOME RUN (Flyball, 78XD, EV 106.9 MPH), Distance : 419 ft
Pitching: RHP Jonathon Crunk
Batting: LHB Rusty Ney 0-0: Called Strike
0-1: Swinging Strike
0-2: Strikes out looking
Bottom of the 8th over - 3 runs, 2 hits, 0 errors, 0 left on base; Milwaukee (WIN) 1 - Los Angeles (WIN) 5
TOP OF THE 9TH
Milwaukee (WIN) Brewers batting - Pitching for Los Angeles (WIN) Angels : RHP Austin Maki
Batting: RHB Nick Cummings 0-0: Ball
1-0: Called Strike
1-1: Foul Ball, location: 2F
1-2: Ball
2-2: Foul Ball, location: 2F
2-2: Strikes out swinging
Batting: RHB Eddie McCoy 0-0: Called Strike
0-1: Ground out 4-3 (Groundball, 34, EV 89.4 MPH)
Batting: SHB Mike Williams 0-0: Foul Ball, location: 2F
0-1: SINGLE (Line Drive, 7LS, EV 97.5 MPH)
Batting: RHB Mike Ball 0-0: Ball
1-0: Foul Ball, location: 2F
1-1: Ball
2-1: Foul Ball, location: 2F
2-2: Foul Ball, location: 2F
2-2: Strikes out looking
Top of the 9th over - 0 runs, 1 hit, 0 errors, 1 left on base; Milwaukee (WIN) 1 - Los Angeles (WIN) 5
Tuesday, September 13th , 2022 - OOTP Baseball 23.7 Build 88